 Dungeon Crawl Stone Soup version 0.22.1-2-g9c5b331 (webtiles) character file.

161394 diana the Spry (level 17, -3/225 HPs)
             Began as a Pale Draconian Gladiator on Nov 19, 2018.
             Was an Initiate of Gozag.
             Succumbed to a wolf spider's poison
             ... on level 3 of the Spider Nest.
             The game lasted 01:28:25 (38774 turns).

diana the Spry (Pale Draconian Gladiator)          Turns: 38774, Time: 01:28:26

Health: -3/225     AC: 16    Str: 31    XL:     17   Next: 20%
Magic:  17/17      EV: 35    Int: 10    God:    Gozag
Gold:   3954       SH: 20    Dex: 19    Spells: 16/16 levels left

rFire    . . .     SeeInvis .   O - +4 scimitar (flame)
rCold    + . .     Gourm    .   o - +0 shield
rNeg     . . .     Faith    .   (armour unavailable)
rPois    .         Spirit   .   b - +0 hat
rElec    .         Reflect  +   s - +1 cloak {MR+}
rCorr    .         Harm     .   p - +2 pair of gloves {Str+3}
MR       +++..                  P - +1 pair of boots "Hero's Friend" {MR+}
Stlth    ..........             e - amulet of Pantheism {Reflect rC+ SH+5}
HPRegen  0.47/turn              h - ring of Phasing {EV+8}
MPRegen  0.15/turn              y - +3 ring of strength

@: berserking, lethally poisoned (-3 -> -80), marked, starving, very quick
A: breathe steam, unfitting armour, hooves 1, agile 1, clever 1, cold-blooded,
AC +9
a: Breathe Steam, Potion Petition, Call Merchant, Bribe Branch, Renounce
Religion


You were on level 3 of the Spider Nest.
You worshipped Gozag.
Gozag was most pleased with you.
You were starving.

You visited 6 branches of the dungeon, and saw 28 of its levels.
You also visited: Ossuary and Ice Cave.

You collected 11144 gold pieces.
You spent 3907 gold pieces at shops.
You paid 3283 gold pieces to Gozag.

Inventory:

Hand Weapons
 O - a +4 scimitar of flaming (weapon)
Missiles
 c - 9 throwing nets (quivered)
Armour
 b - a +0 hat (worn)
 o - a +0 shield (worn)
 p - a +2 pair of gloves of strength (worn)
 s - a +1 cloak of magic resistance (worn)
 P - the +1 pair of boots "Hero's Friend" (worn) {MR+}
   (You bought it in a shop on level 2 of the Orcish Mines)

   It affects your resistance to hostile enchantments.
Jewellery
 e - the amulet of Pantheism (around neck) {Reflect rC+ SH+5}
   (You bought it in a shop on level 1 of the Lair of Beasts)

   [amulet of reflection]

   It shields you and reflects attacks.
   It protects you from cold.
   It affects your SH (+5).
 h - the ring of Phasing (left hand) {EV+8}
   (You bought it in a shop on level 1 of the Lair of Beasts)

   [ring of evasion]

   It affects your evasion (+8).
 y - a +3 ring of strength (right hand)
 Q - a +2 ring of protection
Wands
 a - a wand of enslavement (15)
 n - a wand of iceblast (10)
 z - a wand of digging (62)
 C - a wand of disintegration (18)
 D - a wand of random effects (27)
 K - a wand of scattershot (4)
 L - a wand of acid (6)
 N - a wand of polymorph (7)
 S - a wand of flame (57)
Scrolls
 g - 8 scrolls of remove curse
 k - 2 scrolls of fog
 l - a scroll of fear
 q - a scroll of torment
 r - 3 scrolls of immolation
 u - 6 scrolls of magic mapping
 x - 10 scrolls of identify
 A - 4 scrolls of teleportation
 B - a scroll of brand weapon
 E - 7 scrolls of amnesia
 F - 2 scrolls of summoning
 J - 5 scrolls of enchant weapon
Potions
 f - 7 potions of brilliance
 i - 6 potions of agility
 j - 3 potions of magic
 m - a potion of cancellation
 t - 5 potions of haste
 v - 4 potions of flight
 w - 2 potions of mutation
 G - a potion of resistance
 H - a potion of heal wounds
 I - 8 potions of curing
 M - 2 potions of ambrosia
Miscellaneous
 T - a sack of spiders
 U - a lamp of fire
 W - 2 boxes of beasts
 Y - a lamp of fire
Comestibles
 d - 16 rations


   Skills:
 - Level 13.4 Fighting
 * Level 15.3 Long Blades
 - Level 1.7 Throwing
 - Level 17.2 Dodging
 - Level 15.0 Shields
 + Level 1.0 Evocations


You had 16 spell levels left.
You didn't know any spells.
Your spell library contained the following spells:

 Spells                   Type           Power        Failure   Level  Hunger
 Confusing Touch          Hex            #.....       36%         1    ##.....
 Freeze                   Ice            #...         36%         1    ##.....
 Magic Dart               Conj           #...         36%         1    ##.....
 Shock                    Conj/Air       #...         36%         1    ##.....
 Blink                    Tloc           N/A          50%         2    ###....
 Call Imp                 Summ           #.......     50%         2    ###....
 Slow                     Hex            #.......     50%         2    ###....
 Swiftness                Chrm/Air       #.......     50%         2    ###....
 Throw Frost              Conj/Ice       #.....       50%         2    ###....
 Confuse                  Hex            #.......     75%         3    ####...
 Conjure Flame            Conj/Fire      #.......     75%         3    ####...
 Gell's Gravitas          Tloc           #.........   75%         3    ####...
 Mephitic Cloud           Conj/Pois/Air  #.......     75%         3    ####...
 Ozocubu's Armour         Chrm/Ice       #.......     75%         3    ####...
 Static Discharge         Conj/Air       #.......     75%         3    ####...
 Airstrike                Air            #.........   98%         4    #####..
 Petrify                  Tmut/Erth      #.......     98%         4    #####..
 Summon Ice Beast         Ice/Summ       #.......     98%         4    #####..
 Throw Icicle             Conj/Ice       #.......     98%         4    #####..
 Lightning Bolt           Conj/Air       #.........   100%        5    ######.
 Metabolic Englaciation   Hex/Ice        #.........   100%        5    ######.
 Yara's Violent Unravell  Hex/Tmut       #.........   100%        5    ######.


Dungeon Overview and Level Annotations

Branches:
Dungeon (15/15)            Temple (1/1) D:5            Lair (6/6) D:8
 Shoals (0/4) Lair:4       Spider (3/4) Lair:3        Slime (0/5) Lair:6
    Orc (2/2) D:12            Elf (1/3) Orc:2        Vaults (0/5) D:14
 Depths: D:15

Altars:
Ashenzari
Cheibriados
Dithmenos
Elyvilon
Fedhas
Gozag
Hepliaklqana
Kikubaaqudgha
Makhleb
Nemelex Xobeh
Okawaru
Qazlal
Ru
Sif Muna
Trog
Uskayaw
Vehumet
Wu Jian
Xom
Yredelemnul
Zin
The Shining One
Jiyva
Lugonu

Shops:
D:5 %   Orc:2 ?=([*}   Elf:1 %   Lair:1 [=

Annotations:
Spider:1 exclusion: Roxanne, Roxanne


Innate Abilities, Weirdness & Mutations

You can breathe blasts of scalding, opaque steam.
Your pale cyan-grey scales are hard. (AC +9)
You cannot fit into any form of body armour.
You are cold-blooded and may be slowed by cold attacks.
You have large cloven feet.
You are agile. (Dex +2)
Your mind is acute. (Int +2)


Message History

You riposte.
You slash the wolf spider! You burn the wolf spider.
You tail-slap the wolf spider!
The wolf spider is severely wounded.
The wolf spider completely misses you. x2; The wolf spider closely misses you.
The scorpion is caught in a web!
You block the wolf spider's attack. The wolf spider misses you.
The wolf spider closely misses you.
You riposte.
You slash the wolf spider! You burn the wolf spider!
The wolf spider is almost dead.
The wolf spider closely misses you.
You barely miss the wolf spider. You tail-slap the wolf spider!
The wolf spider is almost dead.
Your surroundings suddenly seem different.
* * * LOW HITPOINT WARNING * * *
You feel very sick.
The jumping spider leaps!
A tarantella comes into view. x2; A redback comes into view.
A wolf spider, a tarantella, a redback and a scorpion come into view.
You found a web!
You die...
Your body crumbles into a pile of gold.

#.....
#.....
##..#.
####.
###### #..
#≈..≈#
#...
#....#
#...#
##....##
#^..##
#.@...^#
....# #
#...##...#
...# #
#...##
#...# ..^
## ≈..^#
#..ss ##.
#≈...#
#s.. #..
#....


s§s ##. #... ss ## ##.. #. ## You could see a redback.

Vanquished Creatures
  Jorgrun (Spider:2)
  Agnes (Elf:1)
  Kirke (D:14)
  A frost giant (IceCv)
  Louise (D:14)
  3 entropy weavers
  Azrael (D:14)
  2 ettins (Orc:1)
  2 fire dragons
  Josephine (Spider:1)
  Erolcha (D:13)
  Harold (D:8)
  5 hydras
  A centaur warrior (D:15)
  A merfolk avatar (Lair:6)
  10 two-headed ogres
  2 tengu warriors (D:14)
  2 ogre magi (Orc:2)
  11 death yaks
  The ghost of Paps the Cudgeler, a novice DsFi of Okawaru (D:8)
  A queen ant (Spider:1)
  4 deep elf knights (Elf:1)
  Nergalle (Lair:2)
  An orc high priest (Elf:1)
  A skeletal warrior (D:14)
  A sea snake (Lair:6)
  2 unseen horrors
  2 deep trolls
  4 deep elf archers (Elf:1)
  A wizard (D:15)
  4 harpies (Lair:6)
  25 deep elf magi (Elf:1)
  3 orc knights
  12 ugly things
  8 orb spiders
  20 wolf spiders
  An orc sorcerer (D:12)
  3 cyclopes
  25 elephants
  2 manticores
  7 black mambas
  An ice statue (IceCv)
  3 centaur zombies
  2 gargoyles
  Psyche (D:8)
  16 spiny frogs
  8 rime drakes
  A torpor snail (Spider:2)
  10 komodo dragons
  7 demonic crawlers
  10 trolls
  A queen bee (D:12)
  16 jumping spiders
  A wind drake (Lair:6)
  24 polar bears
  5 slime creatures (D:12)
  2 hornets
  8 hippogriffs
  29 redbacks
  2 air elementals (Elf:1)
  2 shadows (D:11)
  20 tarantellas
  A vampire (D:15)
  4 wraiths (Spider:1)
  59 yaks
  8 wyverns
  3 hungry ghosts
  2 fire elementals
  2 basilisks
  A steam dragon (D:10)
  Grum (D:8)
  A warg (Orc:2)
  14 water moccasins
  7 soldier ants
  Duvessa (D:5)
  6 porcupines
  4 hell hounds (D:13)
  21 orc warriors
  4 phantoms
  2 sky beasts
  A hornet zombie (D:8)
  5 ice beasts
  3 black bears
  32 ogres
  34 wolves
  4 necrophages
  12 centaurs
  18 crocodiles
  5 big kobolds
  12 bullfrogs
  2 earth elementals (Elf:1)
  Dowan (D:5)
  2 water moccasin zombies
  A wyvern skeleton (D:10)
  6 scorpions
  A water moccasin skeleton (D:10)
  4 wights (D:12)
  22 killer bees
  2 howler monkeys
  8 electric eels
  3 crimson imps
  A quasit (D:13)
  9 jellies
  13 orc priests
  2 bullfrog skeletons
  A centaur skeleton (D:5)
  8 hounds
  19 orc wizards
  A gnoll shaman (D:3)
  4 iguanas
  31 worker ants
  4 big kobold zombies (Ossuary)
  A killer bee zombie (D:6)
  A hound zombie (D:7)
  A hound skeleton (D:4)
  2 mummies (Ossuary)
  A howler monkey zombie (D:9)
  2 worker ant zombies (D:8)
  10 gnolls
  A howler monkey skeleton (D:9)
  13 adders
  3 shadow imps
  An ooze (D:6)
  4 adder zombies
  4 worms
  10 dart slugs
  2 leopard geckos
  84 orcs
  2 giant cockroaches
  10 goblins
  7 hobgoblins
  26 jackals
  31 kobolds
  8 quokkas
  3 ball pythons
  9 bats
  6 frilled lizards
  A gnoll zombie (Ossuary)
  2 hobgoblin zombies (Ossuary)
  2 kobold zombies (Ossuary)
  10 orc zombies (Ossuary)
  5 rats
  A bush (Lair:3)
1021 creatures vanquished.

Vanquished Creatures (others)
  7 dancing weapons
  2 deep elf magi (Elf:1)
  A polar bear (IceCv)
  A jumping spider (Spider:1)
  An orc wizard (Orc:2)
  2 worker ants
  12 fungi
  13 plants
39 creatures vanquished.

Grand Total: 1060 creatures vanquished

Notes
Turn   | Place    | Note
-------+----------+-------------------------------------------
     0 | D:1      | diana the Draconian Gladiator began the quest for the Orb.
     0 | D:1      | Reached XP level 1. HP: 17/17 MP: 1/1
    96 | D:1      | Reached XP level 2. HP: 23/25 MP: 2/2
   140 | D:1      | Found a sparkling altar of Nemelex Xobeh.
   680 | D:2      | Found a glowing golden altar of the Shining One.
   737 | D:2      | Reached XP level 3. HP: 27/30 MP: 3/3
  1506 | D:3      | Reached XP level 4. HP: 15/38 MP: 4/4
  1787 | D:3      | Reached skill level 5 in Long Blades
  1878 | D:3      | HP: 1/40 [orc wizard/magic dart (2)]
  1879 | D:3      | Reached XP level 5. HP: 1/46 MP: 5/5
  2902 | D:4      | HP: 2/46 [orc priest/trident (8)]
  2957 | D:4      | Noticed an ogre
  2991 | D:4      | Reached XP level 6. HP: 33/53 MP: 6/6
  3172 | D:4      | Found a sand-covered staircase.
  3177 | Ossuary  | Entered an ossuary
  3505 | D:4      | Reached skill level 5 in Fighting
  3558 | D:3      | Your scales start taking on a pale cyan-grey colour.
  3558 | D:3      | Reached XP level 7. HP: 56/61 MP: 5/7
  3925 | D:5      | Entered Level 5 of the Dungeon
  3925 | D:5      | Noticed Duvessa
  3925 | D:5      | Noticed Dowan
  3941 | D:5      | Killed Duvessa
  3950 | D:5      | Killed Dowan
  4234 | D:5      | Reached XP level 8. HP: 38/70 MP: 3/8
  4319 | D:5      | Found Keiss's Food Emporium.
  4529 | D:5      | Found a staircase to the Ecumenical Temple.
  4558 | Temple   | Entered the Ecumenical Temple
  5963 | D:7      | Found a shimmering altar of Xom.
  5969 | D:7      | Found the +4 robe of Augmentation {Str+4 Int+4 Dex+4}
  5973 | D:7      | Reached skill level 10 in Long Blades
  6036 | D:7      | Reached XP level 9. HP: 80/80 MP: 9/9
  6727 | D:7      | Found a shimmering altar of Xom.
  6730 | D:7      | Found an opulent altar of Gozag.
  6736 | D:7      | Became a worshipper of Gozag Ym Sagoz the Greedy
  6968 | D:7      | HP: 4/82 [something (3)]
  6996 | D:7      | Killed an unseen horror
  7193 | D:8      | Noticed Psyche
  7367 | D:8      | Gained mutation: You are agile. (Dex +2) [potion of
                  | mutation]
  7367 | D:8      | Gained mutation: Your mind is acute. (Int +2) [potion of
                  | mutation]
  7389 | D:8      | Noticed Harold
  7658 | D:8      | Killed Psyche
  7658 | D:8      | Reached XP level 10. HP: 36/91 MP: 7/10
  7687 | D:8      | Noticed Grum
  7962 | D:8      | Killed Grum
  8029 | D:8      | Found a runed gate.
  8029 | D:8      | Found a runed gate.
  8029 | D:8      | Found a runed gate.
  8032 | D:8      | Noticed a fire dragon
  8033 | D:8      | Found an opulent altar of Gozag.
  8035 | D:8      | Noticed Paps's ghost (novice DsFi)
  8062 | D:8      | Killed Harold
  8062 | D:8      | Reached skill level 10 in Fighting
  8193 | D:8      | Found a staircase to the Lair.
  8437 | D:9      | Found a hazy altar of Hepliaklqana.
  9280 | D:10     | Entered Level 10 of the Dungeon
  9284 | D:10     | Noticed a two-headed ogre
  9299 | D:10     | Killed a two-headed ogre
  9299 | D:10     | Reached XP level 11. HP: 14/100 MP: 2/11
 10352 | D:10     | Noticed a two-headed ogre
 10365 | D:10     | Killed a two-headed ogre
 11675 | D:12     | Found a corrupted altar of Lugonu.
 11772 | D:12     | Reached skill level 3 in Dodging
 11772 | D:12     | Reached skill level 1 in Shields
 11892 | Lair:1   | Entered Level 1 of the Lair of Beasts
 12473 | Lair:1   | Reached skill level 4 in Dodging
 12766 | Lair:1   | Bought the amulet of Pantheism {Reflect rC+ SH+5} for 662
                  | gold pieces
 12953 | Lair:2   | Reached XP level 12. HP: 101/114 MP: 12/12
 13266 | Lair:2   | Reached skill level 5 in Dodging
 13574 | Lair:2   | Noticed a six-headed hydra
 13760 | D:12     | Reached skill level 5 in Shields
 14435 | D:12     | Reached skill level 6 in Dodging
 14989 | D:12     | Found a staircase to the Orcish Mines.
 15531 | D:12     | Reached skill level 7 in Dodging
 15559 | D:13     | Found a frozen archway.
 15703 | IceCv    | Entered an ice cave
 16475 | IceCv    | Reached skill level 8 in Dodging
 16548 | IceCv    | Reached XP level 13. HP: 79/121 MP: 13/13
 17130 | IceCv    | Noticed a frost giant
 17161 | IceCv    | Killed a frost giant
 17161 | IceCv    | Reached skill level 9 in Dodging
 18664 | Orc:1    | Entered Level 1 of the Orcish Mines
 18971 | D:12     | Reached skill level 10 in Shields
 19294 | Orc:2    | Entered Level 2 of the Orcish Mines
 19318 | Orc:2    | Noticed an ettin
 19545 | Orc:1    | Killed an ettin
 20033 | Orc:1    | Reached skill level 10 in Dodging
 20254 | Orc:2    | Found a staircase to the Elven Halls.
 20448 | Orc:2    | Found Nummyij's Magic Scroll Shoppe.
 20449 | Orc:2    | Noticed an ettin
 21024 | Orc:1    | HP: 5/121 [ettin/dire flail (42)]
 21028 | Orc:1    | Killed an ettin
 21803 | Orc:2    | Reached XP level 14. HP: 129/129 MP: 14/14
 21837 | Orc:2    | Reached skill level 11 in Dodging
 21939 | Orc:2    | Found Umniteuble's Jewellery Emporium.
 21964 | Orc:2    | Found Tuofuvam's General Store.
 21966 | Orc:2    | Bought a scroll of teleportation for 42 gold pieces
 21973 | Orc:2    | Found Gaonn's Gadget Shoppe.
 22547 | Lair:1   | Bought the ring of Phasing {EV+8} for 1536 gold pieces
 22547 | Lair:1   | Found the ring of Phasing {EV+8}
 22553 | Lair:1   | Bought a +0 pair of gloves of strength for 184 gold pieces
 22553 | Lair:1   | Bought a +1 cloak of magic resistance for 264 gold pieces
 22947 | D:13     | Noticed Erolcha
 22955 | D:13     | Killed Erolcha
 23472 | D:14     | Noticed Azrael
 24071 | D:14     | Noticed Louise
 24126 | D:14     | Killed Louise
 24548 | D:14     | Killed Azrael
 24548 | D:14     | Reached skill level 12 in Dodging
 24670 | D:14     | Noticed Kirke
 24827 | D:14     | Found a gate to the Vaults.
 24839 | D:14     | Killed Kirke
 25519 | D:15     | Entered Level 15 of the Dungeon
 26727 | Lair:2   | Noticed Nergalle
 26740 | Lair:2   | Killed Nergalle
 27509 | Lair:3   | Reached XP level 15. HP: 123/136 MP: 15/15
 27643 | Lair:3   | Found a hole to the Spider Nest.
 27788 | Lair:3   | Reached skill level 13 in Dodging
 28387 | Lair:4   | Found a staircase to the Shoals.
 29607 | Lair:6   | Entered Level 6 of the Lair of Beasts
 30444 | Lair:6   | Reached skill level 14 in Dodging
 30714 | Lair:6   | Reached skill level 15 in Shields
 31257 | Lair:6   | Found a runed door.
 31257 | Lair:6   | Found a viscous altar of Jiyva.
 31257 | Lair:6   | Found a staircase to the Slime Pits.
 31282 | Lair:6   | Reached XP level 16. HP: 135/144 MP: 16/16
 31615 | D:8      | Killed Paps's ghost
 31644 | D:8      | Reached skill level 15 in Dodging
 31898 | Elf:1    | Entered Level 1 of the Elven Halls
 32408 | Elf:1    | Found Wocuwosu's Food Boutique.
 32413 | Elf:1    | Bought a ration for 60 gold pieces
 32413 | Elf:1    | Bought a ration for 60 gold pieces
 32890 | Elf:1    | Found the +8 storm bow {elec}
 32909 | Elf:1    | Reached skill level 16 in Dodging
 33451 | Elf:1    | Noticed Agnes
 33464 | Elf:1    | Killed Agnes
 34068 | Spider:1 | Entered Level 1 of the Spider Nest
 34348 | Orc:2    | Bought a scroll of summoning for 133 gold pieces
 34348 | Orc:2    | Bought a scroll of enchant weapon for 105 gold pieces
 34348 | Orc:2    | Bought a scroll of magic mapping for 49 gold pieces
 34372 | Orc:2    | Bought a +4 scimitar of flaming for 525 gold pieces
 34379 | Orc:2    | Bought the +1 pair of boots "Hero's Friend" {MR+} for 287
                  | gold pieces
 35526 | Lair:3   | Lost mutation: You are agile. (Dex +2) [potion of mutation]
 35526 | Lair:3   | Lost mutation: Your mind is acute. (Int +2) [potion of
                  | mutation]
 35526 | Lair:3   | Gained mutation: You have large cloven feet. [potion of
                  | mutation]
 35526 | Lair:3   | Gained mutation: You are dopey. (Int -2) [potion of
                  | mutation]
 35526 | Lair:3   | Gained mutation: You are robust. (+10% HP) [potion of
                  | mutation]
 35527 | Lair:3   | Lost mutation: You are robust. (+10% HP) [potion of
                  | mutation]
 35527 | Lair:3   | Lost mutation: You are dopey. (Int -2) [potion of mutation]
 35527 | Lair:3   | Gained mutation: You are agile. (Dex +2) [potion of
                  | mutation]
 35527 | Lair:3   | Gained mutation: Your mind is acute. (Int +2) [potion of
                  | mutation]
 35910 | Spider:1 | Reached skill level 17 in Dodging
 36224 | Spider:1 | Noticed Josephine
 36249 | Spider:1 | Killed Josephine
 36409 | Spider:1 | Noticed Roxanne
 37063 | Spider:2 | You fall through a shaft!
 37189 | Spider:2 | HP: 7/144 [poisoned by a redback]
 37687 | Spider:2 | Reached XP level 17. HP: 150/150 MP: 17/17
 37857 | Spider:2 | Noticed Jorgrun
 37868 | Spider:2 | Killed Jorgrun
 37936 | Spider:2 | Reached skill level 15 in Long Blades
 38471 | Spider:3 | Reached skill level 1 in Evocations
 38772 | Spider:3 | HP: 5/225 [poisoned by a wolf spider]
 38773 | Spider:3 | HP: 2/225 [poisoned by a wolf spider]
 38774 | Spider:3 | Succumbed to a wolf spider's poison

Skill      XL: |  1  2  3  4  5  6  7  8  9 10 11 12 13 14 15 16 17 |
---------------+----------------------------------------------------+-----
Long Blades    | 4 5 6 8 10 12 13 14 15 | 15.3
Fighting       | 3 4 5 6 7 9 10 13 | 13.4
Dodging        | 4 8 10 12 14 17 | 17.2
Shields        | 3 8 11 13 15 | 15.0
Evocations     | 1 |  1.0
Throwing       | |  1.7

Action                   |  1- 3 |  4- 6 |  7- 9 | 10-12 | 13-15 | 16-18 || total
-------------------------+-------+-------+-------+-------+-------+-------++-------
Melee: Long sword        |   105 |   237 |   481 |    80 |       |       ||   903
       Tailslap          |     9 |    52 |    90 |   271 |   541 |   246 ||  1209
       Scimitar          |       |       |       |  1088 |  1877 |   856 ||  3821
       Unarmed           |       |       |       |    14 |       |       ||    14
Throw: Throwing net      |       |     1 |     4 |     1 |       |       ||     6
Invok: Potion Petition   |       |       |     1 |       |     1 |       ||     2
       Call Merchant     |       |       |       |     1 |     1 |     2 ||     4
 Abil: Breathe Steam     |       |       |     7 |     7 |     2 |     1 ||    17
Evoke: Wand              |       |       |       |     6 |     9 |     1 ||    16
       Lamp of fire      |       |       |       |       |     1 |       ||     1
  Use: Potion            |       |     6 |    11 |     2 |     1 |    10 ||    30
       Scroll            |       |     6 |     8 |     9 |     7 |     5 ||    35
 Stab: Sleeping          |     1 |     1 |     2 |     1 |     1 |     2 ||     8
       Held in net/web   |       |       |     1 |       |       |       ||     1
       Distracted        |       |       |       |    12 |    18 |     4 ||    34
  Eat: Chunk             |     1 |     7 |     8 |       |       |       ||    16
       Ration            |       |       |     2 |    10 |    14 |     7 ||    33
Armor: Skin              |    42 |    80 |   145 |   239 |   138 |    88 ||   732
Dodge: Dodged            |    82 |   139 |   203 |   460 |   986 |   797 ||  2667
Block: Shield            |       |       |    93 |   634 |  1509 |   855 ||  3091
       Reflection        |       |       |       |     1 |    12 |    18 ||    31
       Rpst.: Long sword |    24 |    46 |    70 |    11 |       |       ||   151
       Scimitar          |       |       |       |   133 |   221 |   144 ||   498
